 Dungeon Crawl Stone Soup version 0.28.0-47-ge53b351184 (webtiles) character file.

Game seed: 14784950548777915946

597 pkoi the Stinger (level 6, -1/45 HPs)
             Began as a Demigod Venom Mage on May 11, 2022.
             Slain by a phantom (7 damage)
             ... on level 4 of the Dungeon.
             The game lasted 00:07:27 (6979 turns).

pkoi the Stinger (Demigod Venom Mage)               Turns: 6979, Time: 00:07:28

Health: -1/45      AC:  3    Str:  9    XL:     6   Next: 95%
Magic:  13/13      EV: 12    Int: 25    God:
Gold:   141        SH:  0    Dex: 14    Spells: 0/10 levels left

rFire   . . .      SeeInvis .   i - +2 mace (holy)
rCold   . . .      Faith    .   (no shield)
rNeg    . . .      Spirit   .   a - +0 robe
rPois   .          Reflect  .   j - +0 helmet
rElec   .          Harm     .   (no cloak)
rCorr   .          Rampage  .   (no gloves)
Will    .....                   (no boots)
Stlth   ++........              (no amulet)
HPRegen 0.15/turn               (no ring)
MPRegen 0.13/turn               (no ring)

@: no status effects
A: high MP 1, forlorn, divine attributes
a: no special abilities


You were on level 4 of the Dungeon.
You visited 1 branch of the dungeon, and saw 5 of its levels.

You collected 141 gold pieces.

Inventory:

Hand Weapons
 b - a +0 whip
 d - a +0 quarterstaff
 i - a +2 mace of holy wrath (weapon)
 n - a +2 spear of venom
Armour
 a - a +0 robe (worn)
 j - a +0 helmet (worn)
Jewellery
 s - a ring of flight
 u - a +6 ring of intelligence
Wands
 l - a wand of polymorph (11)
 m - a wand of digging (2)
Scrolls
 c - 3 scrolls of identify {unknown}
 f - 3 scrolls of magic mapping {unknown}
 k - a scroll of silence {unknown}
 p - a scroll of fear {unknown}
 q - a scroll of vulnerability {unknown}
 r - a scroll of brand weapon {unknown}
 t - a scroll of holy word {unknown}
Potions
 e - 2 potions of flight {unknown}
 g - a potion of attraction {unknown}
 h - 2 potions of heal wounds {unknown}
 o - a potion of ambrosia {unknown}
 v - a potion of haste {unknown}


   Skills:
 - Level 1.7 Dodging
 - Level 1.7 Stealth
 * Level 4.0 Unarmed Combat
 + Level 2.7 Spellcasting
 + Level 1.0 Conjurations
 + Level 2.9 Transmutations
 + Level 2.3 Air Magic
 + Level 4.0 Poison Magic


You couldn't memorise any spells.
You knew the following spells:

 Your Spells              Type           Power      Damage    Failure   Level
a - Sting                 Tmut/Pois      80%        1d7       2%          1
b - Poisonous Vapours     Pois/Air       38%        N/A       4%          2
c - Mephitic Cloud        Conj/Pois/Air  15%        N/A       12%         3
d - Olgreb's Toxic Radia  Pois           23%        N/A       21%         4

Your spell library contained the following spells:

 Spells                   Type           Power      Damage    Failure   Level
 Animate Skeleton         Necr           6%         N/A       11%         1
 Pain                     Necr           12%        1d4       11%         1
 Vampiric Draining        Necr           3%         2d6       30%         3
 Animate Dead             Necr           1%         N/A       71%         4
 Borgnjor's Vile Clutch   Necr/Erth      1%         N/A       96%         5
 Death Channel            Necr           1%         N/A       100%        6


Dungeon Overview and Level Annotations

Branches:
Dungeon (5/15)
 Temple: D:4-7


Innate Abilities, Weirdness & Mutations

You have an increased reservoir of magic. (+10% MP)
You shall have no god before yourself.
Your divine heritage dramatically boosts your attributes as you level up.


Message History

* * * LOW HITPOINT WARNING * * *
The phantom completely misses you.
You hit the phantom.
The phantom convulses.
The phantom is severely damaged.
The phantom barely misses you.
You hit the phantom.
The phantom convulses.
The phantom is severely damaged.
The phantom barely misses you.
You barely miss the phantom.
The phantom is severely damaged.
The phantom hits you!
* * * LOW HITPOINT WARNING * * *
The phantom blinks!
You blink.
The phantom barely misses you.
You completely miss the phantom.
The phantom is severely damaged.
The phantom hits you!
* * * LOW HITPOINT WARNING * * *
The phantom blinks!
You blink.
You hit the phantom but do no damage.
The phantom is severely damaged.
The phantom hits you!
* * * LOW HITPOINT WARNING * * *
The phantom hits you.
* * * LOW HITPOINT WARNING * * *
You closely miss the phantom.
The phantom is severely damaged.
The phantom hits you.
* * * LOW HITPOINT WARNING * * *
You barely miss the phantom.
The phantom is severely damaged.
The phantom barely misses you.
You barely miss the phantom.
The phantom is severely damaged.
The phantom hits you.
* * * LOW HITPOINT WARNING * * *
The phantom blinks!
You blink.
The phantom barely misses you.
You hit the phantom.
The phantom convulses.
The phantom is almost destroyed.
The phantom hits you!
You die...

............(.........ยง..#
########.......#..####.#.###
#.....####.# #.).#.# #.....#
#.## #.###'####
##########..###........#
#........##.....#
#........##.....#
#..W.....###...## ###
#.@......# ###.## ..#
#........####..<# ..#
#######..............## ..#
#....................####
..#
#.##########.....(.......
..# #.# ######..####.#####
### #.# #...##..####.#....
#.# #.#........#.#.### #.#
#.##.......#.#.#


You could see a phantom.

Vanquished Creatures
  Sigmund (D:3)
  A killer bee (D:5)
  An orc priest (D:4)
  2 hounds (D:4)
  A gnoll shaman (D:4)
  Jessica (D:2)
  Robin (D:1)
  11 gnolls
  4 adders
  2 worms (D:2)
  2 dart slugs (D:1)
  5 orcs (D:4)
  3 endoplasms
  6 giant cockroaches
  14 goblins
  7 hobgoblins
  7 kobolds
  2 quokkas
  7 ball pythons
  5 bats
  4 frilled lizards
  4 rats
91 creatures vanquished.

Notes
Turn   | Place    | Note
-------+----------+-------------------------------------------
     0 | D:1      | pkoi the Demigod Venom Mage began the quest for the Orb.
     0 | D:1      | Reached XP level 1. HP: 14/14 MP: 5/5
    28 | D:1      | Reached skill level 1 in Transmutations
   737 | D:1      | Reached XP level 2. HP: 20/20 MP: 1/7
   929 | D:1      | Reached skill level 1 in Unarmed Combat
  1656 | D:2      | Noticed Robin
  1677 | D:1      | Reached XP level 3. HP: 10/26 MP: 3/8
  2041 | D:2      | Learned a level 2 spell: Poisonous Vapours
  2263 | D:1      | Killed Robin
  2850 | D:2      | Noticed Jessica
  2853 | D:2      | Killed Jessica
  2854 | D:2      | Reached XP level 4. HP: 23/33 MP: 5/9
  3291 | D:3      | Noticed Sigmund
  3314 | D:3      | Killed Sigmund
  3315 | D:3      | Reached skill level 1 in Air Magic
  3315 | D:3      | Reached XP level 5. HP: 13/38 MP: 3/11
  4267 | D:3      | Reached XP level 6. HP: 39/45 MP: 12/12
  5606 | D:4      | Learned a level 3 spell: Mephitic Cloud
  5611 | D:4      | Learned a level 4 spell: Olgreb's Toxic Radiance
  6728 | D:5      | Entered Level 5 of the Dungeon
  6749 | D:5      | Reached skill level 1 in Conjurations
  6979 | D:4      | Slain by a phantom

Illustrated notes

Levels and vault maps discovered:
D:1:      nicolae_arrival_washed_ashore, layout_basic,
          ebering_ecumenical_altar_mist
D:2:      layout_loops_cross, uniq_robin, uniq_jessica
D:3:      layout_basic, xom_redecorated, lemuel_round_altar,
          minmay_fountain_box, uniq_sigmund
D:4:      minmay_general_purpose_star, layout_basic,
          nicolae_overflow_hidden_temple
D:5:      layout_basic, nicolae_wu_jian_glorious_leap

Skill      XL: |  1  2  3  4  5  6 |
---------------+-------------------+-----
Transmutations | 1 2 |  2.9
Unarmed Combat | 1 2 3 4 |  4.0
Poison Magic   | 3 4 |  4.0
Spellcasting   | 2 |  2.7
Air Magic      | 1 2 |  2.3
Conjurations   | 1 |  1.0
Dodging        | |  1.7
Stealth        | |  1.7

Action                   |  1- 3 |  4- 6 || total
-------------------------+-------+-------++-------
Melee: Unarmed           |     3 |       ||     3
       Quarterstaff      |     2 |       ||     2
       Mace              |    10 |    14 ||    24
       Spear             |       |    37 ||    37
       Punch             |       |     1 ||     1
 Cast: Sting             |    85 |    94 ||   179
       Mephitic Cloud    |       |     2 ||     2
Armor: Robe              |    14 |    15 ||    29
Dodge: Dodged            |    30 |    52 ||    82
